 Dungeon Crawl Stone Soup version 0.31-a0-240-gb923e448b6 (webtiles) character file.

Game seed: 3495805928869323357

929 qw the Skirmisher (level 7, -1/55 (61) HPs)
             Began as a Minotaur Hexslinger on July 11, 2023.
             Was an Initiate of Okawaru.
             Slain by a wight
             ... wielding a +0 hand axe
              (4 damage)
             ... on level 6 of the Dungeon.
             The game lasted 00:02:02 (4421 turns).

qw the Skirmisher (Minotaur Hexslinger)             Turns: 4421, Time: 00:02:02

HP:   -1/55 (61)    AC:  8    Str: 13    XL:     7   Next: 85%
MP:   7/7           EV: 16    Int: 10    God:    Okawaru [......]
Gold: 247           SH:  0    Dex: 14    Spells: 7/8 levels left

rFire   + . .        Y - +0 shortbow
rCold   . . .        (shield currently unavailable)
rNeg    . . .        b - +0 ring mail
rPois   .            k - +2 hat
rElec   .            (no cloak)
rCorr   .            l - +0 pair of gloves
SInv    .            (no boots)
Will    .....        (no amulet)
Stlth   +            h - +5 ring of evasion
HPRegen 0.29/turn    i - ring of protection from fire
MPRegen 0.10/turn

%: no passive effects
@: drained
A: horns 2, retaliatory headbutt
a: Renounce Religion


You were on level 6 of the Dungeon.
You worshipped Okawaru.
Okawaru was noncommittal.
You visited 2 branches of the dungeon, and saw 7 of its levels.
You also visited: Ossuary.

You collected 247 gold pieces.


Innate Abilities, Weirdness & Mutations

You have a pair of horns on your head.
You reflexively headbutt those who attack you in melee.


   Skills:
 - Level 5.5 Fighting
 + Level 8.3 Ranged Weapons
 - Level 2.4 Armour
 - Level 2.1 Dodging
 - Level 1.0 Spellcasting
 - Level 2.0 Hexes


You had 7 spell levels left.
You knew the following spells:

 Your Spells              Type           Power      Damage    Failure   Level
a - Slow                  Hex            16%        N/A       30%         1

Your spell library contained the following spells:

 Spells                   Type           Power      Damage    Failure   Level
 Inner Flame              Hex/Fire       2%         N/A       80%         3
 Portal Projectile        Hex/Tloc       4%         N/A       80%         3
 Cause Fear               Hex            2%         N/A       97%         4

Inventory:

Hand Weapons
 Y - a +0 shortbow (weapon)
Armour
 b - a +0 ring mail (worn)
 k - a +2 hat (worn)
 l - a +0 pair of gloves (worn)
Jewellery
 h - a +5 ring of evasion (left hand)
 i - a ring of protection from fire (right hand)
Scrolls
 e - a scroll of identify
Potions
 d - 2 potions of haste
 g - 2 potions of enlightenment
 n - a potion of resistance

Dungeon Overview and Level Annotations

Branches:
Dungeon (6/15)             Temple (1/1) D:6         Ossuary (visited)

Altars:
Ashenzari
Cheibriados
Dithmenos
Elyvilon
Gozag
Kikubaaqudgha
Makhleb
Nemelex Xobeh
Okawaru
Qazlal
Sif Muna
Trog
Uskayaw
Vehumet
Yredelemnul
Zin

Shops:
D:2 (

Annotations:
D:6 Pikel


Message History

You shoot an arrow. The arrow completely misses the wight.
The wight barely misses you. x2
You shoot an arrow. The arrow hits the wight.
You destroy the wight!
Okawaru accepts your kill.
The wight hits you from afar with a +0 spear!
You feel drained.
You shoot an arrow. The arrow closely misses the wight.
The wight hits you from afar with a +0 spear.
You feel drained.
The wight throws a stone.
The stone hits you but does no damage.
You shoot an arrow. The arrow hits the wight.
The wight is lightly damaged.
The wight hits you but does no damage.
You shoot an arrow. The arrow closely misses the wight.
The lemure shouts!
The arrow hits the wight but does no damage.
The wight is lightly damaged.
The wight hits you from afar with a +0 spear.
The wight misses you.
You shoot an arrow. The arrow hits the wight.
The wight is lightly damaged.
The wight barely misses you. The wight misses you. x2
The wight hits you with a +0 hand axe.
You feel drained.
You shoot an arrow.
Pikel shouts!
The arrow hits the wight.
The wight is moderately damaged.
The wight closely misses you. The wight barely misses you.
You furiously retaliate!
You headbutt the wight. You shoot an arrow. The arrow hits the wight.
The wight is heavily damaged.
The wight barely misses you. The wight misses you. You furiously retaliate!
You headbutt the wight. You shoot an arrow. The arrow closely misses the wight.
The lemure shouts!
The arrow hits the wight but does no damage.
The wight is lightly damaged.
The wight misses you. The wight hits you with a +0 hand axe.
You die...

#...#..########.....#
#.......#
######[....# #.....#
#########
####<##....# #.....#
#..........## #.....#
#.##(#.##....##.....#
# #..#...###......#.#
.....##.#
#..####.#### ##
......
.####.)####..(.. #.
....... #....zz@..K.#
#. .......
#.######.5...# #.
........ .....5. #.
....##5 ##### #####
#.... ....... .......
....... .......


You could see Pikel, 3 lemures and 2 wights.

Vanquished Creatures
  An ice beast (D:5)
  A black bear (D:5)
  A kobold brigand (D:6)
  A lemure (D:6)
  Blork the orc (D:6)
  A scorpion (D:5)
  A wight (D:6)
  4 hounds
  3 jellies
  An iguana (D:5)
  A sleepcap (D:4)
  11 adders
  A shadow imp (D:5)
  2 ufetubi
  4 dart slugs
  6 orcs
  9 endoplasms
  2 giant cockroaches
  7 goblins
  10 hobgoblins
  2 jackals (D:3)
  15 kobolds
  5 quokkas
  12 ball pythons
  5 bats
  5 frilled lizards
  5 rats
117 creatures vanquished.

Notes
Turn   | Place    | Note
-------+----------+-------------------------------------------
     0 | D:1      | qw the Minotaur Hexslinger began the quest for the Orb.
     0 | D:1      | Reached XP level 1. HP: 16/16 MP: 1/1
     0 | D:1      | 0 ||| qw: Version: 0.3-a-52-g30416fa
     0 | D:1      | 0 ||| qw: Game counter: 6049
     0 | D:1      | 0 ||| qw: Melee chars always use a shield: true
     0 | D:1      | 0 ||| qw: God list: Okawaru
     0 | D:1      | 0 ||| qw: Allow faded altars: false
     0 | D:1      | 0 ||| qw: Do Orc after clearing Dungeon:15 true
     0 | D:1      | 0 ||| qw: Do second Lair branch before Depths: true
     0 | D:1      | 0 ||| qw: Lair rune preference: random
     0 | D:1      | 0 ||| qw: Goals: Normal
     0 | D:1      | 0 ||| PLANNING D:1-11
    67 | D:1      | Reached skill level 3 in Ranged Weapons
    70 | D:1      | Reached XP level 2. HP: 23/23 MP: 2/2
   266 | D:1      | 266 ||| SWAPPING to +0 shortbow.
   267 | D:1      | 267 ||| DROPPING +1 sling.
   522 | D:1      | 522 ||| DROPPING ring of wizardry.
   523 | D:1      | 523 ||| READING scroll labelled MAKKEO ZILAI.
   528 | D:1      | 528 ||| READING scroll labelled IRAEGAZU HIFRI.
   529 | D:1      | 529 ||| DRINKING 2 brown potions.
   530 | D:1      | 530 ||| DROPPING scroll of poison.
   542 | D:2      | Reached XP level 3. HP: 29/29 MP: 3/3
   554 | D:2      | Found a faded altar of an unknown god.
   577 | D:2      | Reached skill level 4 in Ranged Weapons
   590 | D:2      | 590 ||| FLEEEEING.
   591 | D:2      | 591 ||| FLEEEEING.
   601 | D:2      | 601 ||| FLEEEEING.
   714 | D:2      | Reached XP level 4. HP: 17/36 MP: 4/4
   814 | D:2      | Found Vaiqukk's Antique Weapon Shop.
   923 | D:2      | Identified the +3 spear "Itifrej" {heavy, Dex+5}
  1054 | D:2      | Found an opulent altar of Gozag.
  1062 | D:2      | 1062 ||| UPGRADING to +0 ring mail.
  1072 | D:2      | 1072 ||| DROPPING +0 robe.
  1073 | D:2      | 1073 ||| READING scroll labelled DOFOSKUEZI.
  1074 | D:2      | 1074 ||| DRINKING 2 grey potions.
  1075 | D:2      | 1075 ||| DRINKING 2 red potions.
  1076 | D:2      | 1076 ||| DROPPING potion of attraction.
  1130 | D:3      | Reached skill level 1 in Armour
  1278 | D:3      | Reached skill level 5 in Ranged Weapons
  1592 | D:3      | Reached skill level 3 in Fighting
  1592 | D:3      | Reached XP level 5. HP: 45/45 MP: 5/5
  1760 | D:3      | 1760 ||| UPGRADING to +2 hat.
  1765 | D:3      | 1765 ||| DROPPING amulet of magic regeneration.
  1766 | D:3      | 1766 ||| READING scroll labelled LINEBB DIET.
  1767 | D:3      | 1767 ||| READING scroll labelled XISMO TOKI.
  1768 | D:3      | 1768 ||| READING scroll labelled YMI BOUTE VUNA.
  1769 | D:3      | 1769 ||| DRINKING 2 black potions.
  1913 | D:4      | HP: 9/45 [sleepcap (7)]
  1914 | D:4      | 1914 ||| DRINKING 3 potions of heal wounds.
  2158 | D:4      | Found a sparkling altar of Nemelex Xobeh.
  2290 | D:4      | 2290 ||| UPGRADING to +0 pair of gloves.
  2295 | D:4      | 2295 ||| UPGRADING to +5 ring of evasion.
  2296 | D:4      | 2296 ||| UPGRADING to ring of protection from fire.
  2297 | D:4      | 2297 ||| READING scroll labelled ACO PIGRARO.
  2298 | D:4      | 2298 ||| DRINKING 2 fizzy inky potions.
  2299 | D:4      | 2299 ||| DRINKING potion of curing.
  2299 | D:4      | 2299 ||| (to cure confusion)
  2300 | D:4      | 2300 ||| DRINKING 2 murky purple potions.
  2301 | D:4      | 2301 ||| READING 3 scrolls of identify.
  2301 | D:4      | 2301 ||| IDENTIFYING bubbling sapphire potion
  2302 | D:4      | 2302 ||| READING 2 scrolls of identify.
  2302 | D:4      | 2302 ||| IDENTIFYING bubbling silvery potion
  2303 | D:4      | 2303 ||| DROPPING potion of lignification.
  2304 | D:4      | 2304 ||| DROPPING potion of ambrosia.
  2332 | D:5      | Entered Level 5 of the Dungeon
  2333 | D:5      | 2333 ||| PLANNING OSSUARY
  2355 | D:5      | Reached skill level 6 in Ranged Weapons
  2504 | D:5      | Reached XP level 6. HP: 52/52 MP: 6/6
  2568 | D:5      | Found a sand-covered staircase.
  2575 | Ossuary  | Entered an ossuary
  2579 | D:5      | 2579 ||| PLANNING D:1-11
  2616 | D:5      | Noticed an ice beast
  2627 | D:5      | HP: 10/53 [ice beast (7)]
  2628 | D:5      | 2628 ||| DRINKING 2 potions of heal wounds.
  2633 | D:5      | Killed an ice beast
  2997 | D:5      | Found an ancient bone altar of Kikubaaqudgha.
  3145 | D:5      | Reached skill level 7 in Ranged Weapons
  3214 | D:5      | Reached XP level 7. HP: 54/60 MP: 7/7
  3380 | D:5      | 3380 ||| READING scroll labelled SAMIBR VIOMOS.
  3522 | D:6      | Noticed Blork the orc
  3533 | D:6      | Killed Blork the orc
  3534 | D:6      | Reached skill level 8 in Ranged Weapons
  3535 | D:6      | 3535 ||| FLEEEEING.
  3536 | D:6      | 3536 ||| FLEEEEING.
  3537 | D:6      | 3537 ||| FLEEEEING.
  3538 | D:6      | 3538 ||| STAIRDANCE
  3625 | D:6      | 3625 ||| Stepping ~*~*~tactically~*~*~ (outnumbered).
  3627 | D:6      | 3627 ||| Stepping ~*~*~tactically~*~*~ (outnumbered).
  3629 | D:6      | 3629 ||| Stepping ~*~*~tactically~*~*~ (outnumbered).
  3703 | D:6      | 3703 ||| FLEEEEING.
  3704 | D:6      | 3704 ||| FLEEEEING.
  3705 | D:6      | 3705 ||| FLEEEEING.
  3710 | D:6      | 3710 ||| STAIRDANCE
  3843 | D:6      | Found a snail-covered altar of Cheibriados.
  3934 | D:6      | Found a staircase to the Ecumenical Temple.
  3935 | D:6      | 3935 ||| PLANNING TEMPLE
  3941 | Temple   | Entered the Ecumenical Temple
  4011 | Temple   | 4011 ||| PLANNING OKAWARU WORSHIP
  4234 | Temple   | Became a worshipper of Warmaster Okawaru
  4235 | Temple   | 4235 ||| PLANNING D:1-11
  4273 | D:6      | Noticed Pikel
  4285 | D:6      | HP: 15/61 [Pikel/+2 whip of freezing (8)]
  4286 | D:6      | 4286 ||| READING scroll of teleportation.
  4286 | D:6      | HP: 4/61 [Pikel/+2 whip of freezing (6)]
  4287 | D:6      | 4287 ||| DRINKING potion of heal wounds.
  4406 | D:6      | 4406 ||| Stepping ~*~*~tactically~*~*~ (outnumbered).
  4414 | D:6      | HP: 14/56 [wight/+0 spear (4)]
  4417 | D:6      | HP: 6/57 [wight/+0 spear (2)]
  4418 | D:6      | HP: 2/55 [wight/+0 hand axe (1)]
  4421 | D:6      | Slain by a wight

Levels and vault maps discovered:
D:1:      lightli_arrival_statue_moat, layout_rooms, serial_bayou_lagoon_b
D:2:      layout_rooms, nicolae_ecumenical_snake_handling, basic_altar,
          serial_shops, nicolae_shop_pleasant_corner_grove, serial_glass,
          glass_columns_a, glass_columns_b, minmay_strange_pillars,
          kennysheep_potato
D:3:      layout_loops_cross
D:4:      layout_gridville, nemelex_xobeh_ov_fountains_minmay
D:5:      layout_basic, pf_just_have_faith, enter_ossuary_3,
          nicolae_figureground_pulse
D:6:      layout_basic, lemuel_doored_altar, minmay_temple_entry_butterflies,
          uniq_crazy_yiuf_cottage, uniq_blork_the_orc, uniq_pikel, uniq_grinder
Temple:   oiseaux_autumnal_temple

Skill      XL: |  1  2  3  4  5  6  7 |
---------------+----------------------+-----
Ranged Weapons | 3 4 5 6 7 8 |  8.3
Fighting       | 2 3 4 5 |  5.5
Armour         | 1 2 |  2.4
Dodging        | |  2.1
Spellcasting   | |  1.0
Hexes          | |  2.0

Action                     |  1- 3 |  4- 6 |  7- 9 || total
---------------------------+-------+-------+-------++-------
   Fire: Sling             |    49 |       |       ||    49
         Shortbow          |    60 |   229 |    95 ||   384
    Use: Scroll            |     2 |     7 |     2 ||    11
         Potion            |     1 |     8 |     1 ||    10
 Armour: Robe              |    11 |     3 |       ||    14
         Ring mail         |       |    25 |    25 ||    50
  Dodge: Dodged            |    26 |    85 |    93 ||   204

Table legend:
 A = Non-vault XP
 B = Vault XP
 C = Vault XP percentage of total XP
 D = Non-vault monster count
 E = Vault monster count
 F = Vault count percentage of total count
                 A         B        C        D         E       F
            +---------+---------+-------+---------+---------+-------
      Total |    1218 |     110 |   8.3 |     112 |       4 |   3.4
            +---------+---------+-------+---------+---------+-------
        D:1 |      37 |       0 |   0.0 |      24 |       0 |   0.0
        D:2 |      66 |      16 |  19.5 |      22 |       3 |  12.0
        D:3 |     108 |       0 |   0.0 |      25 |       0 |   0.0
        D:4 |      99 |       0 |   0.0 |      13 |       0 |   0.0
        D:5 |     537 |       0 |   0.0 |      14 |       0 |   0.0
        D:6 |     371 |      94 |  20.2 |      14 |       1 |   6.7
            +---------+---------+-------+---------+---------+-------
